 Dungeon Crawl Stone Soup version 0.29.1-1-gd02db6906a (webtiles) character file.

Game seed: 12130794569353321497

18556 Icepheonix32 the Severer (level 12, -12/104 HPs)
             Began as a Minotaur Fighter on Sept 20, 2022.
             Was an Elder of Makhleb.
             Killed from afar by Frances (41 damage)
             ... with a shard of ice
             ... on level 12 of the Dungeon.
             The game lasted 00:20:17 (9449 turns).

Icepheonix32 the Severer (Minotaur Fighter)         Turns: 9449, Time: 00:20:17

Health: -12/104    AC: 18    Str: 36    XL:     12   Next: 28%
Magic:  15/15      EV: 12    Int:  9    God:    Makhleb [****..]
Gold:   806        SH:  0    Dex: 18    Spells: 11/11 levels left

rFire   . . .      SeeInvis .   h - +5 executioner's axe "Cyefeyv" {vamp, Str+4}
rCold   . . .      Faith    .   (shield currently unavailable)
rNeg    . . .      Spirit   .   b - +0 scale mail
rPois   .          Reflect  .   (helmet restricted)
rElec   .          Harm     .   m - +2 cloak
rCorr   .          Rampage  .   E - +2 pair of gloves
Will    .....      NoTele   +   o - +2 pair of boots "Hureon" {-Tele Str+2 Int+4}
Stlth   +.........              f - amulet of regeneration
HPRegen 1.07/turn               B - +6 ring of dexterity
MPRegen 0.14/turn               M - +6 ring of strength

@: no status effects
A: horns 2, retaliatory headbutt
a: Renounce Religion, Minor Destruction, Lesser Servant of Makhleb, Major
Destruction


You were on level 12 of the Dungeon.
You worshipped Makhleb.
Makhleb was greatly pleased with you.
You visited 2 branches of the dungeon, and saw 13 of its levels.

You collected 992 gold pieces.
You spent 186 gold pieces at shops.

Inventory:

Hand Weapons
 h - the +5 executioner's axe "Cyefeyv" (weapon) {vamp, Str+4}
   (You acquired it on level 2 of the Dungeon)

   It occasionally heals its wielder for a portion of the damage dealt when it
   wounds a living foe.
   Str:       It affects your strength (+4).
 A - a +5 flail
 N - a +2 vorpal hand axe
Missiles
 l - 6 boomerangs (quivered)
 v - a throwing net
 L - 2 silver javelins
Armour
 b - a +0 scale mail (worn)
 m - a +2 cloak (worn)
 o - the +2 pair of boots "Hureon" (worn) {-Tele Str+2 Int+4}
   (You found it on level 2 of the Dungeon)

   Str:       It affects your strength (+2).
   Int:       It affects your intelligence (+4).
   -Tele:     It prevents most forms of teleportation.
 E - a +2 pair of gloves (worn)
 I - a +0 chain mail
Jewellery
 a - a +6 ring of intelligence
 f - an amulet of regeneration (around neck)
 B - a +6 ring of dexterity (left hand)
 J - an amulet of reflection
 M - a +6 ring of strength (right hand)
Wands
 c - a wand of flame (36)
 p - a wand of polymorph (23)
 u - a wand of mindburst (14)
 y - a wand of roots (18)
Scrolls
 e - 6 scrolls of teleportation
 i - a scroll of silence
 j - 2 scrolls of amnesia
 t - 2 scrolls of brand weapon
 w - 5 scrolls of vulnerability
 x - a scroll of blinking
 z - 2 scrolls of enchant weapon
 D - a scroll of poison
 F - a scroll of fear
 H - 2 scrolls of enchant armour
Potions
 d - 2 potions of brilliance
 g - 3 potions of flight
 k - 3 potions of cancellation
 n - 2 potions of resistance
 q - a potion of invisibility
 r - 6 potions of curing
 s - a potion of heal wounds
 C - 2 potions of attraction {unknown}
 G - a potion of mutation {unknown}
Miscellaneous
 K - a phial of floods


   Skills:
 + Level 9.2 Fighting
 * Level 18.6(18.7) Axes
 + Level 0.8(12.2) Maces & Flails
 - Level 2.3(12.4) Polearms
 + Level 1.2 Throwing
 + Level 8.8 Armour
 + Level 3.6 Dodging
 + Level 1.1 Stealth
 - Level 4.1 Shields
 * Level 6.6 Invocations


You had 11 spell levels left.
You didn't know any spells.
Your spell library contained the following spells:

 Spells                   Type           Power      Damage    Failure   Level
 Apportation              Tloc           0%         N/A       56%         1
 Magic Dart               Conj           0%         1d3       56%         1
 Necrotise                Necr           0%         1d4       56%         1
 Summon Small Mammal      Summ           0%         N/A       56%         1
 Searing Ray              Conj           0%         2d4       71%         2
 Gell's Gravitas          Tloc           0%         N/A       90%         3
 Inner Flame              Hex/Fire       0%         N/A       90%         3
 Lesser Beckoning         Tloc           0%         N/A       90%         3
 Teleport Other           Tloc           0%         N/A       90%         3
 Cause Fear               Hex            0%         N/A       100%        4
 Fulminant Prism          Conj/Hex       0%         3d6       100%        4
 Alistair's Intoxication  Tmut/Pois      0%         N/A       100%        5
 Blade Hands              Tmut           0%         N/A       100%        5
 Irradiate                Conj/Tmut      0%         3d11      100%        5
 Dragon Form              Tmut           0%         N/A       100%        7
 Discord                  Hex            0%         N/A       100%        8


Dungeon Overview and Level Annotations

Branches:
Dungeon (12/15)            Temple (1/1) D:5            Lair (0/5) D:8
    Orc (0/2) D:12

Altars:
Ashenzari
Cheibriados
Dithmenos
Elyvilon
Fedhas
Gozag
Hepliaklqana
Kikubaaqudgha
Makhleb
Nemelex Xobeh
Okawaru
Qazlal
Ru
Sif Muna
Trog
Uskayaw
Vehumet
Wu Jian
Xom
Yredelemnul
Zin
The Shining One

Shops:
D:10 (

Annotations:
D:12 1 transporter, Frances


Innate Abilities, Weirdness & Mutations

You have a pair of horns on your head.
You reflexively headbutt those who attack you in melee.


Message History

The centaur barely misses you. You furiously retaliate!
You headbutt the centaur!
You kill the centaur!
Makhleb accepts your kill.
You feel better.
The centaur shoots an arrow.
The arrow hits you.
The centaur shoots an arrow.
The arrow hits you!
The centaur unwields a +0 shortbow.
The centaur hits you but does no damage.
The centaur barely misses you.
The centaur unwields a +0 shortbow.
The centaur hits you but does no damage.
The centaur barely misses you.
You see here a +0 shortbow.
Okay, then.
The centaur wields a +0 shortbow.
The centaur shoots an arrow.
The arrow hits you.
The centaur hits you but does no damage.
The centaur closely misses you.
You slash the centaur! Your headbutt misses the centaur.
The centaur is severely wounded.
Unknown command.
You slice the centaur like a ripe choko!!!
You kill the centaur!
Makhleb accepts your kill.
You feel better.
The centaur shoots an arrow.
The arrow closely misses you.
Frances hits you from afar with a +0 halberd!!
The centaur shoots an arrow.
The arrow hits you. Frances hits you but does no damage.
The centaur shoots an arrow.
The arrow closely misses you. Frances hits you but does no damage.
Frances hits you with a +0 halberd!
You slash Frances!
You feel better.
Frances is lightly wounded.
Frances hits you with a +0 halberd!!
You slash Frances!
You feel better.
Frances is lightly wounded.
Frances chants phrases taken from a devil's mouth.
The iron shot hits you!
* * * LOW HITPOINT WARNING * * *
Frances screams a word of power!
The shard of ice hits you!!!
You die...

#...>..### #....#.
+......'.###......
#......#...'......
#......#####......
#####'## #......
#..# ###'###
###.## #..##
###...# ##...
#)@.### #### #@###
###### #cccc...#
#..... #.cc....#
##.### #.......#
.. # #..C......
##.# #.......##
#.. #.......# #.#
## #.......#
##.###..


You could see Frances (fast) and 3 centaurs.

Vanquished Creatures
  2 hydras
  7 death yaks
  Pikel (D:8)
  A cyclops (D:9)
  A manticore (D:12)
  A gargoyle (D:12)
  Psyche (D:10)
  An unseen horror (D:11)
  A kobold demonologist (D:7)
  6 trolls
  Grinder (D:5)
  3 slime creatures (D:12)
  3 wraiths
  16 yaks
  Eustachio (D:6)
  5 steam dragons
  4 vampire mosquitoes (D:10)
  2 wargs (D:12)
  A water moccasin (D:7)
  5 orc warriors
  A black bear (D:4)
  An ice beast (D:7)
  An ogre (D:7)
  3 centaurs
  A lemure (D:8)
  A phantom (D:5)
  2 bullfrogs
  6 kobold brigands
  2 gnoll sergeants
  3 scorpions
  3 necrophages
  11 wights
  15 killer bees (D:9)
  An electric eel (D:10)
  A howler monkey (D:10)
  A hound (D:4)
  2 jellies
  10 orc priests
  2 gnoll boudas
  Crazy Yiuf (D:3)
  Jessica (D:3)
  2 iguanas
  Terence (D:3)
  12 orc wizards
  Natasha (thrice) (D:2)
  20 gnolls
  4 adders
  3 shadow imps (D:5)
  A white imp (D:8)
  5 worms
  2 dart slugs
  35 orcs
  9 endoplasms
  4 giant cockroaches
  5 goblins
  10 hobgoblins
  12 jackals
  30 kobolds
  A quokka (D:4)
  9 ball pythons
  3 bats
  4 frilled lizards
  5 rats
312 creatures vanquished.

Vanquished Creatures (others)
  2 plants (D:4)
2 creatures vanquished.

Grand Total: 314 creatures vanquished

Notes
Turn   | Place    | Note
-------+----------+-------------------------------------------
     0 | D:1      | Icepheonix32 the Minotaur Fighter began the quest for the
                  | Orb.
     0 | D:1      | Reached XP level 1. HP: 19/19 MP: 0/0
   161 | D:1      | Reached XP level 2. HP: 27/27 MP: 1/1
   667 | D:1      | Reached XP level 3. HP: 33/33 MP: 2/2
   879 | D:2      | Reached skill level 1 in Polearms
   886 | D:2      | Identified the +2 pair of boots "Hureon" {-Tele Str+2
                  | Int+4}
   907 | D:2      | Noticed Natasha
   913 | D:2      | Killed Natasha
   953 | D:2      | Reached XP level 4. HP: 41/41 MP: 3/3
  1003 | D:2      | Noticed Natasha
  1008 | D:2      | Killed Natasha
  1650 | D:2      | Found a faded altar of an unknown god.
  1664 | D:2      | Identified a scroll of acquirement
  1664 | D:2      | Acquired the +5 executioner's axe "Cyefeyv" {vamp, Str+4}
  1709 | D:2      | Noticed Natasha
  1714 | D:2      | Killed Natasha
  1715 | D:2      | Reached skill level 1 in Throwing
  1715 | D:2      | Reached skill level 1 in Dodging
  1715 | D:2      | Reached XP level 5. HP: 40/47 MP: 4/4
  1865 | D:3      | Noticed Jessica
  1869 | D:3      | Killed Jessica
  1870 | D:3      | Reached skill level 3 in Axes
  1877 | D:3      | Reached skill level 5 in Armour
  1879 | D:3      | Reached skill level 5 in Fighting
  1889 | D:3      | Noticed Terence
  1895 | D:3      | Killed Terence
  1989 | D:3      | Found an opulent altar of Gozag.
  1991 | D:3      | Found a glowing silver altar of Zin.
  2042 | D:3      | Reached XP level 6. HP: 56/56 MP: 5/5
  2102 | D:3      | Found a blossoming altar of Fedhas.
  2185 | D:3      | Found a runed translucent door.
  2186 | D:3      | Noticed Crazy Yiuf
  2394 | D:3      | Killed Crazy Yiuf
  2395 | D:3      | Reached skill level 4 in Axes
  2571 | D:4      | Reached skill level 5 in Axes
  2579 | D:4      | Identified the +10 rapier of Donaty {vorpal, Dex+3}
  2781 | D:4      | Reached skill level 6 in Axes
  2781 | D:4      | Reached XP level 7. HP: 61/61 MP: 6/6
  3187 | D:5      | Entered Level 5 of the Dungeon
  3335 | D:5      | Reached skill level 7 in Axes
  3340 | D:5      | Found a staircase to the Ecumenical Temple.
  3353 | Temple   | Entered the Ecumenical Temple
  3450 | Temple   | Became a worshipper of Makhleb the Destroyer
  3655 | D:5      | Reached skill level 8 in Axes
  3719 | D:5      | Noticed Grinder
  3722 | D:5      | Paralysed by Grinder for 3 turns
  3725 | D:5      | Killed Grinder
  3726 | D:5      | Reached skill level 1 in Invocations
  3726 | D:5      | Reached XP level 8. HP: 70/70 MP: 7/7
  4046 | D:6      | Reached skill level 9 in Axes
  4164 | D:6      | Noticed Eustachio
  4191 | D:6      | Killed Eustachio
  4191 | D:6      | Reached * piety under Makhleb
  4292 | D:6      | Reached skill level 10 in Axes
  4611 | D:7      | HP: 3/61 [wight/+1 spear of freezing (3)]
  4840 | D:7      | Reached XP level 9. HP: 73/78 MP: 9/9
  4901 | D:7      | Reached skill level 11 in Axes
  4957 | D:7      | Identified the +8 quarterstaff "Gerer" {vorpal, rF+ rCorr}
  5018 | D:7      | Noticed a kobold demonologist
  5023 | D:7      | Noticed a soul eater
  5029 | D:7      | Killed a kobold demonologist
  5030 | D:7      | Reached skill level 12 in Axes
  5347 | D:8      | Noticed a death yak
  5374 | D:8      | Noticed a death yak
  5375 | D:8      | Noticed a death yak
  5376 | D:8      | Noticed a death yak
  5377 | D:8      | Noticed a death yak
  5378 | D:8      | Noticed a death yak
  5379 | D:8      | Noticed a death yak
  5386 | D:7      | Killed a death yak
  5387 | D:7      | Reached skill level 13 in Axes
  5601 | D:8      | Reached XP level 10. HP: 86/86 MP: 11/11
  5693 | D:8      | Reached ** piety under Makhleb
  5703 | D:8      | Noticed Pikel
  5706 | D:8      | Killed Pikel
  5721 | D:8      | Reached skill level 14 in Axes
  5929 | D:8      | Found a staircase to the Lair.
  5950 | D:8      | Killed a death yak
  5966 | D:8      | Killed a death yak
  5970 | D:8      | Killed a death yak
  5971 | D:8      | Reached skill level 15 in Axes
  5973 | D:8      | Killed a death yak
  5975 | D:8      | Killed a death yak
  5976 | D:8      | Reached skill level 5 in Invocations
  5976 | D:8      | Reached XP level 11. HP: 73/94 MP: 13/13
  5980 | D:8      | Killed a death yak
  6098 | D:8      | Found a glowing golden altar of the Shining One.
  6524 | D:9      | Reached skill level 16 in Axes
  6529 | D:9      | Found a shimmering altar of Xom.
  6598 | D:9      | Reached *** piety under Makhleb
  6712 | D:9      | Noticed an eight-headed hydra
  6874 | D:9      | Killed an eight-headed hydra
  6875 | D:9      | Reached skill level 1 in Stealth
  7594 | D:10     | Entered Level 10 of the Dungeon
  7672 | D:10     | Noticed Psyche
  7678 | D:10     | Killed Psyche
  7710 | D:10     | Reached skill level 17 in Axes
  7735 | D:10     | Found a shimmering blue altar of Sif Muna.
  7973 | D:10     | Found Xaacet's Antique Weapon Shoppe.
  8001 | D:10     | Bought a glowing hand axe for 186 gold pieces
  8741 | D:11     | Reached **** piety under Makhleb
  8742 | D:11     | Reached XP level 12. HP: 103/103 MP: 15/15
  8851 | D:11     | Noticed a six-headed hydra
  8870 | D:11     | Killed a seven-headed hydra
  8871 | D:11     | Reached skill level 18 in Axes
  9207 | D:12     | Found a transporter.
  9208 | D:12     | Noticed a two-headed ogre
  9260 | D:12     | Found a staircase to the Orcish Mines.
  9435 | D:12     | Noticed Frances
  9449 | D:12     | Killed from afar by Frances

Illustrated notes

Levels and vault maps discovered:
D:1:      noname_arrival_rooms_in_the_neighbourhood, layout_basic,
          kennysheep_boxes
D:2:      minmay_skewed_foursquare, layout_rooms,
          hellmonk_ecumenical_altar_crossroads, uniq_natasha
D:3:      layout_rooms, grunt_temple_overflow_gold_and_silver,
          general_overflow_altar, serial_park_tiny_pond, serial_bayou_pond_c,
          uniq_jessica, uniq_crazy_yiuf_cottage, uniq_terence
D:4:      layout_basic, serial_bayou_ford_a
D:5:      layout_cave_pools, minmay_temple_entry_proselytizer, uniq_grinder
D:6:      layout_rooms, chequers_garden, st_stairs_6, uniq_eustachio
D:7:      layout_basic
D:8:      layout_basic, marbit_many_paths, dpeg_lair_monsters, minivault_24,
          minmay_quadrilaterals, uniq_pikel
D:9:      hangedman_cross_stitches, layout_basic, mainiacjoe_overflow_24_doors
D:10:     layout_basic, amcnicky_altar_gilded, serial_shops,
          nicolae_shop_hallway_plus, uniq_psyche
D:11:     layout_rooms
D:12:     layout_roguey, erik_orc_3, gammafunk_ghost_wrathful_warriors,
          serial_shops, shop, minmay_misc_feat_pillars, uniq_azrael,
          uniq_maurice, uniq_frances, uniq_urug
Temple:   lightli_temple_of_artemis

Skill      XL: |  1  2  3  4  5  6  7  8  9 10 11 12 |
---------------+-------------------------------------+-----
Fighting       | 4 5 6 7 8 9 |  9.2
Armour         | 4 5 6 7 8 |  8.8
Polearms       | 1 2 |  2.3
Shields        | 4 |  4.1
Throwing       | 1 |  1.2
Dodging        | 1 2 3 |  3.6
Axes           | 3 6 8 10 13 15 17 18 | 18.6
Invocations    | 1 2 3 5 6 |  6.6
Stealth        | 1 |  1.1
Maces & Flails | |  0.8

Action                   |  1- 3 |  4- 6 |  7- 9 | 10-12 || total
-------------------------+-------+-------+-------+-------++-------
Melee: Spear             |    52 |    52 |       |       ||   104
       War axe           |     7 |       |       |       ||     7
       Headbutt          |     8 |    12 |    29 |    50 ||    99
       Executioner's axe |       |    60 |   166 |   306 ||   532
       Flail             |       |       |       |    18 ||    18
Throw: Boomerang         |    17 |       |     3 |    13 ||    33
Evoke: Wand              |       |       |       |     2 ||     2
  Use: Scroll            |       |     9 |     4 |     5 ||    18
       Potion            |       |     6 |     2 |     5 ||    13
 Stab: Invisible         |       |     1 |       |       ||     1
Armor: Scale mail        |    24 |    42 |   109 |   219 ||   394
Dodge: Dodged            |    33 |    44 |   127 |   209 ||   413
Block: Buckler           |    13 |     7 |       |       ||    20
